 Dungeon Crawl Stone Soup version 0.28-a0-1395-g4f6bc678fa (webtiles) character file.

Game seed: 8641881116291197985

185 willcat the Conjurer (level 5, -6/37 HPs)
             Began as a Gnoll Conjurer on Jan 4, 2022.
             Killed by nerve-wracking pain
             ... invoked by an orc priest
              (12 damage)
             ... on level 4 of the Dungeon.
             The game lasted 00:04:52 (3910 turns).

willcat the Conjurer (Gnoll Conjurer)               Turns: 3910, Time: 00:04:54

Health: -6/37      AC:  2    Str:  6    XL:     5   Next: 64%
Magic:  12/12      EV: 10    Int: 20    God:
Gold:   110        SH: 14    Dex: 10    Spells: 9/14 levels left

rFire   + . .      SeeInvis .   a - staff of conjuration
rCold   + . .      Faith    .   w - +2 kite shield
rNeg    . . .      Spirit   .   c - +0 robe
rPois   +          Reflect  +   (no helmet)
rElec   +          Harm     .   (no cloak)
rCorr   +          Rampage  .   (no gloves)
Will    .....      NoTele   +   (no boots)
Stlth   ++........              m - amulet of reflection
HPRegen 0.12/turn               l - ring of resist corrosion
MPRegen 0.13/turn               (no ring)

@: brilliant, resistant, immobile, very slightly contaminated
A: fangs 1, strong nose, distributed training
a: no special abilities


You were on level 4 of the Dungeon.
You visited 1 branch of the dungeon, and saw 4 of its levels.

You collected 110 gold pieces.

Inventory:

Hand Weapons
 b - a +1 spear of venom
Missiles
 s - a throwing net
Armour
 c - a +0 robe (worn)
 w - a +2 kite shield (worn)
Magical Staves
 a - a staff of conjuration (weapon)
Jewellery
 l - a ring of resist corrosion (left hand)
 m - an amulet of reflection (around neck)
Wands
 u - a wand of flame (25)
Scrolls
 g - a scroll of fear {unknown}
 i - a scroll of amnesia {unknown}
 j - a scroll of magic mapping {unknown}
 o - a scroll of teleportation {unknown}
 p - a scroll of enchant weapon {unknown}
 r - a scroll of immolation {unknown}
 t - a scroll of identify {unknown}
 x - a scroll of blinking {unknown}
Potions
 f - a potion of resistance
 k - a potion of flight {unknown}
 n - a potion of heal wounds {unknown}
 q - a potion of curing {unknown}
 v - a potion of lignification {unknown}


   Skills:
 + Level 1.6 Fighting
 + Level 1.6 Short Blades
 + Level 1.6 Long Blades
 + Level 1.6 Axes
 + Level 1.6 Maces & Flails
 + Level 1.6 Polearms
 + Level 1.6 Staves
 + Level 1.6 Slings
 + Level 1.6 Bows
 + Level 1.6 Crossbows
 + Level 1.6 Throwing
 + Level 1.6 Armour
 + Level 4.8 Dodging
 + Level 4.4 Stealth
 + Level 1.6 Shields
 + Level 1.6 Unarmed Combat
 + Level 5.2 Spellcasting
 + Level 7.2 Conjurations
 + Level 1.2 Hexes
 + Level 1.2 Summonings
 + Level 1.2 Necromancy
 + Level 1.2 Translocations
 + Level 1.2 Transmutations
 + Level 1.2 Fire Magic
 + Level 1.2 Ice Magic
 + Level 1.2 Air Magic
 + Level 1.2 Earth Magic
 + Level 1.2 Poison Magic
 + Level 1.8 Invocations
 + Level 1.6 Evocations


You had 9 spell levels left.
You knew the following spells:

 Your Spells              Type           Power      Damage    Failure   Level
a - Magic Dart            Conj           100%       1d8       3%          1
b - Iskenderun's Mystic   Conj/Tloc      50%        2d11      73%         4

Your spell library contained the following spells:

 Spells                   Type           Power      Damage    Failure   Level
 Searing Ray              Conj           100%       2d8       4%          2
 Dazzling Flash           Conj/Hex       100%       N/A       32%         3
 Slow                     Hex            60%        N/A       36%         1
 Confusing Touch          Hex            15%        N/A       73%         3
 Vampiric Draining        Necr           15%        2d7       73%         3
 Fulminant Prism          Conj/Hex       25%        3d14      73%         4


Dungeon Overview and Level Annotations

Branches:
Dungeon (4/15)
 Temple: D:4-7

Altars:
Xom

Shops:
D:1 !


Innate Abilities, Weirdness & Mutations

You have very sharp teeth.
Your uncanny sense of smell can sniff out nearby items.
Your experience applies equally to all skills.


Message History

You block the jackal's attack. x2
The orc priest looks braver for a moment.
The orc hits you with a +0 hand axe. You block the jackal's attack.
The jackal bites you but does no damage.
The orc priest closely misses you.
Unknown command.
Unknown command.
Unknown command.
Unknown command.
As you read the scroll labelled WIUMIO ODOARR, it crumbles to dust.
Wisps of shadow whirl around you...
It was a scroll of summoning.
You block the jackal's attack. You block the orc's attack.
The jackal barely misses you. The jackal misses you.
Okay, then.
Unknown command.
Okay, then.
It was a potion of magic.
Magic courses through your body. You block the jackal's attack.
You block the orc's attack. x2
The jackal bites you.
The orc priest looks encouraged for a moment.
Your kobold barely misses the orc.
The orc barely misses you.
Your kobold hits the jackal with a +0 club.
The jackal bites you.
It was a potion of resistance.
You feel protected. The orc misses you. The orc priest barely misses you.
You block the orc's attack. You block the jackal's attack.
The jackal closely misses you.
The orc priest hits you from afar with a +0 trident.
* * * LOW HITPOINT WARNING * * *
Your jelly hits the jackal.
The jackal is splashed with acid.
The jackal dies!
Your kobold closely misses the orc.
The orc barely misses you.
It was a potion of brilliance.
You feel clever all of a sudden.
The jackal bites you but does no damage.
You block the orc's attack.
The orc priest invokes the aid of Beogh against you.
Pain shoots through your body!
You die...

.....# #....# #....#
#....#
###....########
####.............#
##....#.........####
#.<####...†h.oo.....
#...## #....K@.o..#
#.## #....Joo...#
... #........K.....
... ...##?....###...
.. #####..#..## ..
.. .......# #
##..###.# #.# #..


You could see 2 orc priests, 3 orcs, a jackal (ally target), a friendly jelly
(summoned) and 2 friendly kobolds.

Vanquished Creatures
  A hound zombie (D:3)
  4 gnolls (D:3)
  4 adders
  An ufetubus (D:3)
  2 worms (D:2)
  A dart slug (D:1)
  7 orcs
  4 ball pythons (D:1)
  5 endoplasms
  3 giant cockroaches
  5 goblins
  13 hobgoblins
  7 kobolds
  6 bats
  6 frilled lizards
  6 rats
75 creatures vanquished.

Vanquished Creatures (collateral kills)
  A jackal (D:4)
1 creature vanquished.

Grand Total: 76 creatures vanquished

Notes
Turn   | Place    | Note
-------+----------+-------------------------------------------
     0 | D:1      | willcat the Gnoll Conjurer began the quest for the Orb.
     0 | D:1      | Reached XP level 1. HP: 13/13 MP: 6/6
   217 | D:1      | Reached XP level 2. HP: 12/19 MP: 1/7
   436 | D:1      | Found Kinikk's Distillery.
  1009 | D:2      | Reached skill level 5 in Spellcasting
  1009 | D:2      | Reached XP level 3. HP: 25/25 MP: 4/9
  1063 | D:2      | Reached skill level 1 in Invocations
  1563 | D:2      | Reached skill level 1 in Fighting
  1563 | D:2      | Reached skill level 1 in Short Blades
  1563 | D:2      | Reached skill level 1 in Long Blades
  1563 | D:2      | Reached skill level 1 in Axes
  1563 | D:2      | Reached skill level 1 in Maces & Flails
  1563 | D:2      | Reached skill level 1 in Polearms
  1563 | D:2      | Reached skill level 1 in Staves
  1563 | D:2      | Reached skill level 1 in Slings
  1563 | D:2      | Reached skill level 1 in Bows
  1563 | D:2      | Reached skill level 1 in Crossbows
  1563 | D:2      | Reached skill level 1 in Throwing
  1563 | D:2      | Reached skill level 1 in Armour
  1563 | D:2      | Reached skill level 1 in Shields
  1563 | D:2      | Reached skill level 1 in Unarmed Combat
  1563 | D:2      | Reached skill level 1 in Evocations
  1563 | D:2      | Reached XP level 4. HP: 32/32 MP: 7/11
  1996 | D:2      | Found a shimmering altar of Xom.
  2336 | D:3      | Learned a level 4 spell: Iskenderun's Mystic Blast
  2369 | D:3      | Reached skill level 1 in Hexes
  2369 | D:3      | Reached skill level 1 in Summonings
  2369 | D:3      | Reached skill level 1 in Necromancy
  2369 | D:3      | Reached skill level 1 in Translocations
  2369 | D:3      | Reached skill level 1 in Transmutations
  2369 | D:3      | Reached skill level 1 in Fire Magic
  2369 | D:3      | Reached skill level 1 in Ice Magic
  2369 | D:3      | Reached skill level 1 in Air Magic
  2369 | D:3      | Reached skill level 1 in Earth Magic
  2369 | D:3      | Reached skill level 1 in Poison Magic
  2430 | D:3      | Reached XP level 5. HP: 13/37 MP: 1/12
  3551 | D:3      | Found a faded altar of an unknown god.
  3910 | D:4      | Killed from afar by an orc priest

Illustrated notes

Levels and vault maps discovered:
D:1:      scummos_arrival_simple_fountains, layout_loops_ring, serial_shops,
          nicolae_shop_advertising_works [nicolae_subvault_shop_adworks],
          minmay_statues_item
D:2:      minmay_thinvault, layout_loops_ring, basic_altar, minmay_crystal_water
D:3:      kb_forest_paths, layout_basic, chequers_ecumenical_altar_simple_redux
D:4:      layout_rooms, serial_shops, shop, serial_curves, eino_curves_01,
          eino_curves_01

Skill      XL: |  1  2  3  4 |
---------------+-------------+-----
Spellcasting   | 5 |  5.2
Invocations    | 1 |  1.8
Fighting       | 1 |  1.6
Short Blades   | 1 |  1.6
Long Blades    | 1 |  1.6
Axes           | 1 |  1.6
Maces & Flails | 1 |  1.6
Polearms       | 1 |  1.6
Staves         | 1 |  1.6
Slings         | 1 |  1.6
Bows           | 1 |  1.6
Crossbows      | 1 |  1.6
Throwing       | 1 |  1.6
Armour         | 1 |  1.6
Shields        | 1 |  1.6
Unarmed Combat | 1 |  1.6
Evocations     | 1 |  1.6
Hexes          | 1 |  1.2
Summonings     | 1 |  1.2
Necromancy     | 1 |  1.2
Translocations | 1 |  1.2
Transmutations | 1 |  1.2
Fire Magic     | 1 |  1.2
Ice Magic      | 1 |  1.2
Air Magic      | 1 |  1.2
Earth Magic    | 1 |  1.2
Poison Magic   | 1 |  1.2
Dodging        | |  4.8
Stealth        | |  4.4
Conjurations   | |  7.2

Action                   |  1- 3 |  4- 6 || total
-------------------------+-------+-------++-------
Melee: Dagger            |    13 |       ||    13
       Spear             |       |    26 ||    26
       Staff             |       |    23 ||    23
       Bite              |       |     5 ||     5
 Cast: Magic Dart        |    53 |    80 ||   133
       Iskenderun's Myst |       |     4 ||     4
  Use: Potion            |       |     3 ||     3
       Scroll            |       |     1 ||     1
 Stab: Sleeping          |       |     2 ||     2
Armor: Robe              |     5 |     9 ||    14
Dodge: Dodged            |    18 |    36 ||    54
Block: Kite shield       |       |    55 ||    55

Table legend: (Time is in decaauts)
 A = Elapsed time spent in this place.
 B = Non-inter-level travel time spent in this place.
 C = Inter-level travel time spent in this place.
 D = Time resting spent in this place.
 E = Time spent auto-exploring this place.
 F = Levels seen in this place.
 G = Mean time per level.
                   A        B        C        D        E       F      G
               +--------+--------+--------+--------+--------+-----+--------+
         Total |   3923 |   3852 |     71 |    425 |   2938 |   4 |  980.8 |
       Dungeon |   3923 |   3852 |     71 |    425 |   2938 |   4 |  980.8 |
               +--------+--------+--------+--------+--------+-----+--------+

Top non-repeatable levels by time:
     D:2: 1529 daAuts
     D:3: 1424 daAuts
     D:1: 922 daAuts
     D:4: 47 daAuts
